 Dungeon Crawl Stone Soup version 0.29-a0-409-gd843f3a48c (webtiles) character file.

Game seed: 18098515221277800413

36673 holysushi the Fencer (level 13, 0/101 HPs)
             Began as a Demonspawn Artificer on May 14, 2022.
             Was the Champion of Okawaru.
             Engulfed by a death drake's foul pestilence (10 damage)
             ... in a Gauntlet.
             The game lasted 00:31:50 (16602 turns).

holysushi the Fencer (Demonspawn Artificer)        Turns: 16602, Time: 00:31:50

Health: 0/101      AC: 16    Str: 14    XL:     13   Next: 54%
Magic:  0/19       EV: 13    Int:  7    God:    Okawaru [******]
Gold:   468        SH:  0    Dex: 18    Spells: 9/12 levels left

rFire   + . .      SeeInvis .   s - +5 double sword (flame)
rCold   + + .      Faith    +   (no shield)
rNeg    . . .      Spirit   +   J - +6 scale mail of Cepnuxt {*Corrode rC++ Int-5 Slay+3}
rPois   .          Reflect  .   r - +2 hood of the Assassin {Detection Stab+ Stlth++}
rElec   .          Harm     .   (no cloak)
rCorr   +          Rampage  .   (gloves unavailable)
Will    .....      NoTele   +   B - +1 pair of boots
Stlth   ++++......              o - amulet of faith
HPRegen 0.26/turn               k - ring of protection from fire
MPRegen 0.32/turn               l - ring of resist corrosion

@: lethally poisoned (0 -> -18), corroded, slowed, very slow
A: thin metallic scales 2, powered by death 2, magic shield, magic regeneration,
demonic touch 3
a: Renounce Religion, Heroism, Finesse, Duel


You were in a Gauntlet.
You worshipped Okawaru.
Okawaru was exalted by your worship.
You visited 2 branches of the dungeon, and saw 14 of its levels.
You also visited: Bailey and Gauntlet.

You collected 868 gold pieces.
You spent 400 gold pieces at shops.

Inventory:

Hand Weapons
 a - a +5 long sword of protection
 b - a +0 broad axe of flaming
 s - a +5 double sword of flaming (weapon)
 w - a +0 long sword
Armour
 r - the +2 hood of the Assassin (worn) {Detection Stab+ Stlth++}
   (You acquired it on level 4 of the Dungeon)

   It allows the wearer to sense nearby creatures.
   It allows the wearer to make particularly effective stabbing attacks against
   helpless or unaware enemies with any weapon.
   Stlth:     It makes you much more stealthy.
 B - a +1 pair of boots (worn)
 E - +0 steam dragon scales
 J - the +6 scale mail of Cepnuxt (worn) {*Corrode rC++ Int-5 Slay+3}
   (Okawaru gifted it to you on level 9 of the Dungeon)

   Int:       It affects your intelligence (-5).
   Slay:      It affects your accuracy & damage with ranged weapons and melee
   (+3).
   rC:        It greatly protects you from cold.
   *Corrode:  It may corrode you when you take damage.
Jewellery
 f - a ring of protection from fire
 k - a ring of protection from fire (left hand)
 l - a ring of resist corrosion (right hand)
 o - an amulet of faith (around neck)
 D - a ring of see invisible
 N - a +6 ring of intelligence
Wands
 c - a wand of flame (14) (quivered)
 e - a wand of iceblast (12)
 G - a wand of paralysis (7)
 L - a wand of mindburst (5)
 Q - a wand of acid (5)
Scrolls
 d - 2 scrolls of blinking
 g - 2 scrolls of enchant armour
 h - 3 scrolls of fog {unknown}
 j - 12 scrolls of teleportation
 m - a scroll of summoning {unknown}
 n - 4 scrolls of silence
 q - 4 scrolls of magic mapping
 t - 4 scrolls of amnesia
 v - a scroll of fear
 y - 2 scrolls of vulnerability
 O - a scroll of brand weapon
 P - 2 scrolls of poison {unknown}
Potions
 i - 8 potions of curing
 p - 4 potions of heal wounds
 u - 2 potions of mutation
 x - 3 potions of attraction
 z - 3 potions of lignification
 A - 4 potions of invisibility
 C - 3 potions of might
 F - a potion of brilliance {unknown}
 H - 2 potions of haste
 I - a potion of resistance {unknown}
 K - a potion of cancellation
 R - 2 potions of flight {unknown}
Miscellaneous
 S - a phial of floods


   Skills:
 + Level 9.0 Fighting
 - Level 2.9(10.5) Short Blades
 + Level 15.5(15.6) Long Blades
 - Level 4.0 Armour
 - Level 8.6 Dodging
 - Level 6.0 Stealth
 - Level 8.0 Invocations
 - Level 3.0 Evocations


You had 9 spell levels left.
You knew the following spells:

 Your Spells              Type           Power      Damage    Failure   Level
a - Apportation           Tloc           0%         N/A       88%         1
b - Ensorcelled Hibernat  Hex/Ice        0%         N/A       95%         2

Your spell library contained the following spells:

 Spells                   Type           Power      Damage    Failure   Level
 Passwall                 Tmut/Erth      0%         N/A       95%         2
 Swiftness                Air            0%         N/A       99%         3
 Hailstorm                Conj/Ice       0%         3d3       100%        4
 Ice Form                 Ice/Tmut       0%         N/A       100%        4
 Animate Skeleton         Necr           Unusable   N/A       N/A         1
 Summon Small Mammal      Summ           Unusable   N/A       N/A         1
 Simulacrum               Ice/Necr       Unusable   N/A       N/A         6

Dungeon Overview and Level Annotations

Branches:
Dungeon (9/15)             Temple (0/1) D:5            Lair (5/6) D:8
  Swamp (0/4) Lair:2       Spider (0/4) Lair:3       Bailey (visited)
Gauntlet (1/1)
  Slime: Lair:5-6       Orc: D:9-12

Altars:
Makhleb
Okawaru
Qazlal
Uskayaw
Wu Jian
Yredelemnul
Zin

Shops:
D:3 =   D:4 **   D:6 [   D:7 [!!   D:9 [

Annotations:
Gauntlet 9 transporters


Innate Abilities, Weirdness & Mutations

You are mostly covered in thin metallic scales. (AC +3)
You regenerate health from kills.
When hurt, damage is shared between your health and your magic reserves.
You regenerate magic rapidly.
Your touch may irresistibly damage your foes and sap their willpower.


Message History

The centaur warrior zombie kicks you but does no damage.
The death drake closely misses you. The centaur warrior zombie hits you.
The centaur warrior zombie kicks you but does no damage.
The death drake closely misses you.
You closely miss the death drake. Your touch misses the death drake.
You are engulfed in dark miasma.
You are more poisoned.
You feel as though you will be slow longer.
You feel extremely sick.
The centaur warrior zombie closely misses you. x2
The death drake bites you but does no damage.
You completely miss the centaur warrior zombie.
You touch the centaur warrior zombie!
You sap its willpower!
The centaur warrior zombie is heavily damaged.
You feel very sick. The centaur warrior zombie hits you.
* * * LOW HITPOINT WARNING * * *
Your corrosive artefact corrodes you!
The centaur warrior zombie kicks you but does no damage.
The death drake breathes miasma at you. The foul vapour misses you.
The centaur warrior zombie hits you.
* * * LOW HITPOINT WARNING * * *
The centaur warrior zombie kicks you.
* * * LOW HITPOINT WARNING * * *
The death drake closely misses you.
Unknown command.
Okay, then.
You feel better.
You are engulfed in dark miasma.
You are poisoned.
* * * LOW HITPOINT WARNING * * *
x2 You feel very sick.
The centaur warrior zombie misses you.
The centaur warrior zombie closely misses you.
The death drake completely misses you.
The centaur warrior zombie hits you but does no damage.
The centaur warrior zombie kicks you but does no damage.
The death drake barely misses you.
You feel better.
You are engulfed in dark miasma.
You are lethally poisoned!
You die...

############# #≈#§#§#≈#≈#≈###
# ##....§§.....#≈### ###
#≈.............#§# #§#
##..#########....### ###..
#≈..#.......#.....§# #≈...
##..#[.°.##.####..## ##..#
#≈..#=.°k##.#..#..≈# #≈..#
##..#©###@Z°#©.#..## ##§.#
#≈..#.###°°.#..#..≈###§..#
##..#}###°#°#..#..##§##..# ###
#≈..#kZ.....#..#.........#
...###..#########..#.........#
#..##..........#..###########
##...#..#########..#.##..©.###
.....#..##.#.#2##..#...###.###
##.©.#8.#$#.#.#.#..#.##.##...#


You could see a balrug, a death drake and a centaur warrior zombie
(weak-willed).

Vanquished Creatures
  An orc warlord (Bailey)
  4 hydras
  5 death yaks
  Sonja (Lair:4)
  A sixfirhy (Gauntlet)
  An orc knight (Bailey)
  A will-o-the-wisp (Lair:1)
  A spectral centaur (Gauntlet)
  A black mamba (Lair:1)
  A rust devil (Gauntlet)
  5 elephants (Lair:4)
  7 cane toads
  Maggie (D:6)
  A rime drake (Lair:1)
  8 komodo dragons
  A polar bear (Lair:3)
  8 blink frogs (Lair:3)
  4 wyverns
  A ynoxinul (Gauntlet)
  27 yaks
  5 basilisks
  2 steam dragons
  Menkaure (D:5)
  10 water moccasins
  15 orc warriors
  3 black bears
  An ogre (D:4)
  29 wolves
  3 centaurs
  12 bullfrogs
  2 gnoll sergeants
  A kobold brigand (D:9)
  A necrophage (D:4)
  10 killer bees (D:9)
  2 electric eels (Lair:4)
  3 iron imps (Gauntlet)
  A gnoll shaman (D:6)
  4 hounds (D:6)
  7 orc priests
  5 iguanas
  10 orc wizards
  16 gnolls
  6 adders
  A white imp (D:7)
  4 ufetubi (Gauntlet)
  2 worms
  3 dart slugs
  38 orcs
  5 bats
  6 endoplasms
  5 giant cockroaches
  16 goblins
  14 hobgoblins
  8 jackals
  16 kobolds
  2 quokkas
  5 ball pythons
  A frilled lizard (D:1)
  7 rats
362 creatures vanquished.

Vanquished Creatures (others)
  15 fungi
  31 plants
46 creatures vanquished.

Grand Total: 408 creatures vanquished

Notes
Turn   | Place    | Note
-------+----------+-------------------------------------------
     0 | D:1      | holysushi the Demonspawn Artificer began the quest for the
                  | Orb.
     0 | D:1      | Reached XP level 1. HP: 15/15 MP: 1/1
    43 | D:1      | Reached skill level 1 in Dodging
    70 | D:1      | Found a faded altar of an unknown god.
    97 | D:1      | Prayed at the altar of an unknown god.
    97 | D:1      | Became a worshipper of Warmaster Okawaru
    97 | D:1      | Reached * piety under Okawaru
   146 | D:1      | Reached skill level 1 in Invocations
   182 | D:1      | Gained mutation: You regenerate a little health from kills.
                  | [demonic ancestry]
   182 | D:1      | Reached XP level 2. HP: 11/21 MP: 2/2
  1291 | D:1      | Gained mutation: Your touch may inflict minor irresistible
                  | damage on your foes. [demonic ancestry]
  1291 | D:1      | Reached XP level 3. HP: 27/27 MP: 4/4
  2560 | D:3      | Found Ketoicer's Jewellery Shoppe.
  2906 | D:3      | Gained mutation: You regenerate magic rapidly. [demonic
                  | ancestry]
  2906 | D:3      | Reached XP level 4. HP: 30/35 MP: 5/5
  3095 | D:3      | Found a burning altar of Makhleb.
  3097 | D:3      | Found a hide-covered altar of Uskayaw.
  3467 | D:3      | Noticed a black bear
  3486 | D:3      | Killed a black bear
  3487 | D:3      | Gained mutation: Your touch may inflict irresistible damage
                  | on your foes. [demonic ancestry]
  3487 | D:3      | Reached XP level 5. HP: 35/43 MP: 6/6
  4003 | D:4      | Noticed an ogre
  4013 | D:4      | Killed an ogre
  4014 | D:4      | Reached skill level 5 in Fighting
  4014 | D:4      | Reached skill level 1 in Short Blades
  4014 | D:4      | Gained mutation: You are partially covered in thin metallic
                  | scales. (AC +2) [demonic ancestry]
  4014 | D:4      | Reached XP level 6. HP: 51/51 MP: 7/7
  4080 | D:4      | Reached ** piety under Okawaru
  4229 | D:4      | Found Narghe's General Store.
  4231 | D:4      | Found Seigidghoup's Specific Store.
  4445 | D:5      | Entered Level 5 of the Dungeon
  4551 | D:5      | Found a staircase to the Ecumenical Temple.
  4670 | D:5      | Noticed a water moccasin
  4693 | D:4      | Killed a water moccasin
  5007 | D:4      | Identified a scroll of acquirement
  5007 | D:4      | Acquired the +2 hood of the Assassin {Detection Stab+
                  | Stlth++}
  5007 | D:4      | Found the +2 hood of the Assassin {Detection Stab+ Stlth++}
  5296 | D:4      | Reached skill level 1 in Long Blades
  5296 | D:4      | Reached XP level 7. HP: 49/58 MP: 8/8
  5374 | D:5      | Noticed Menkaure
  5393 | D:5      | Killed Menkaure
  5394 | D:5      | Reached skill level 2 in Long Blades
  6139 | D:6      | Noticed a komodo dragon
  6169 | D:6      | Killed a komodo dragon
  6169 | D:6      | Reached *** piety under Okawaru
  6170 | D:6      | Reached skill level 3 in Long Blades
  6170 | D:6      | Gained mutation: Your touch may irresistibly damage your
                  | foes and sap their willpower. [demonic ancestry]
  6170 | D:6      | Reached XP level 8. HP: 44/67 MP: 9/9
  6398 | D:6      | Reached skill level 4 in Long Blades
  6440 | D:6      | Reached skill level 1 in Stealth
  6451 | D:6      | Found Gaskudd's Armour Emporium.
  6831 | D:6      | Noticed Maggie
  6847 | D:6      | Killed Maggie
  6848 | D:6      | Reached skill level 5 in Long Blades
  7198 | D:6      | Reached skill level 6 in Long Blades
  7543 | D:6      | Reached **** piety under Okawaru
  7582 | D:7      | Reached XP level 9. HP: 70/74 MP: 10/10
  7661 | D:7      | Found Naelim's Distillery.
  7679 | D:7      | Reached skill level 7 in Long Blades
  7911 | D:7      | Found Imelys's Distillery.
  7998 | D:7      | Found Daum's Antique Armour Shop.
  8232 | D:3      | Bought an amulet of faith for 400 gold pieces
  8522 | D:8      | Reached skill level 8 in Long Blades
  8531 | D:8      | Reached ***** piety under Okawaru
  8669 | D:8      | Found a staircase to the Lair.
  8670 | D:8      | Noticed a fire dragon
  8992 | D:8      | Found a basalt altar of Yredelemnul.
  9001 | D:8      | Found an ornate altar of the Wu Jian Council.
  9227 | Lair:1   | Entered Level 1 of the Lair of Beasts
  9236 | Lair:1   | Noticed a black mamba
  9238 | Lair:1   | Noticed an eight-headed hydra
  9244 | Lair:1   | Killed a black mamba
  9245 | Lair:1   | Reached skill level 9 in Long Blades
  9589 | D:9      | Found Iroaniev's Antique Armour Shoppe.
  9750 | D:9      | Found a flagged portal.
  9823 | Bailey   | Entered a bailey
  9954 | Bailey   | Gained mutation: You regenerate health from kills. [demonic
                  | ancestry]
  9954 | Bailey   | Reached XP level 10. HP: 79/80 MP: 13/13
  9985 | Bailey   | Reached skill level 5 in Invocations
 10032 | Bailey   | Acquired a +5 double sword of flaming
 10044 | Bailey   | Noticed an orc warlord
 10044 | Bailey   | Noticed an orc knight
 10053 | Bailey   | Received a gift from Okawaru
 10060 | Bailey   | Killed an orc warlord
 10061 | Bailey   | Reached skill level 10 in Long Blades
 10067 | Bailey   | Killed an orc knight
 10092 | Bailey   | Identified the +10 eveningstar of Pyromania {pain, *Noise
                  | rN++ Str+2 Dex+2}
 10113 | Bailey   | Gained mutation: When hurt, damage is shared between your
                  | health and your magic reserves. [demonic ancestry]
 10113 | Bailey   | Reached XP level 11. HP: 86/86 MP: 16/16
 10517 | D:9      | Reached skill level 11 in Long Blades
 10721 | D:9      | Found a stormy altar of Qazlal.
 11110 | D:9      | Identified the +6 scale mail of Cepnuxt {*Corrode rC++
                  | Int-5 Slay+3} (Okawaru gifted it to you on level 9 of the
                  | Dungeon)
 11110 | D:9      | Received a gift from Okawaru
 11216 | Lair:1   | Killed a five-headed hydra
 11217 | Lair:1   | Reached skill level 12 in Long Blades
 11392 | Lair:1   | Noticed a seven-headed hydra
 11402 | Lair:1   | Killed a two-headed hydra
 11403 | Lair:1   | Gained mutation: You are mostly covered in thin metallic
                  | scales. (AC +3) [demonic ancestry]
 11403 | Lair:1   | Reached XP level 12. HP: 48/92 MP: 8/17
 11859 | Lair:1   | Learned a level 1 spell: Apportation
 11862 | Lair:1   | Learned a level 2 spell: Ensorcelled Hibernation
 11966 | Lair:1   | Reached skill level 5 in Stealth
 12544 | Lair:2   | Found a staircase to the Swamp.
 12663 | Lair:2   | Received a gift from Okawaru
 12686 | Lair:2   | Noticed a five-headed hydra
 12701 | Lair:1   | Killed a three-headed hydra
 12824 | Lair:2   | Reached skill level 13 in Long Blades
 12842 | Lair:2   | Noticed a six-headed hydra
 12857 | Lair:2   | Killed a two-headed hydra
 12857 | Lair:2   | Reached ****** piety under Okawaru
 13513 | Lair:2   | Reached skill level 14 in Long Blades
 13923 | Lair:3   | Received a gift from Okawaru
 14037 | Lair:3   | Found a hole to the Spider Nest.
 14146 | Lair:3   | Reached XP level 13. HP: 98/98 MP: 18/18
 14571 | Lair:4   | Reached skill level 15 in Long Blades
 15091 | Lair:3   | Received a gift from Okawaru
 15195 | Lair:4   | Received a gift from Okawaru
 15469 | Lair:4   | Noticed Sonja
 15474 | Lair:4   | Killed Sonja
 16311 | Lair:5   | Found a gate leading to a gauntlet.
 16342 | Gauntlet | Entered a Gauntlet
 16342 | Gauntlet | Found a transporter.
 16342 | Gauntlet | Found a transporter.
 16356 | Gauntlet | Found a transporter.
 16374 | Gauntlet | Found a transporter.
 16374 | Gauntlet | Found a transporter.
 16376 | Gauntlet | Found a transporter.
 16377 | Gauntlet | Found a transporter.
 16380 | Gauntlet | Noticed a balrug
 16389 | Gauntlet | Found a transporter.
 16389 | Gauntlet | Found the +3 Mad Mage's Maulers {Infuse+∞ RegenMP Int-3}
 16405 | Gauntlet | Found a transporter.
 16415 | Gauntlet | Found a transporter.
 16418 | Gauntlet | Noticed an entropy weaver
 16429 | Gauntlet | Found a transporter.
 16462 | Gauntlet | Found a transporter.
 16464 | Gauntlet | Found a transporter.
 16479 | Gauntlet | Found a transporter.
 16514 | Gauntlet | Identified the +0 pair of gloves of Arim {Str+5 Dex+5}
 16601 | Gauntlet | HP: 5/101 [poisoned by a death drake (dark miasma)]
 16602 | Gauntlet | Engulfed by a death drake's foul pestilence

Illustrated notes

Levels and vault maps discovered:
D:1:      co_arrival_random_square_maze, layout_basic,
          hellmonk_ecumenical_altar_crossroads, serial_bayou_pond_d
D:2:      layout_loops_ring, minmay_misc_feat_secret_circle
D:3:      minmay_razor_zed, layout_basic, grunt_temple_overflow_open,
          serial_shops, nicolae_shop_crystal
D:4:      layout_rooms, nicolae_specific_store
D:5:      cheibrodos_helix_gallery, layout_basic,
          minmay_temple_entry_gardened_gates, uniq_menkaure
D:6:      cheibrodos_quashed, layout_basic, serial_shops,
          nicolae_shop_statue_plus, uniq_maggie
D:7:      layout_cave_pools, serial_column_ruins, column_ruins_circle_large,
          column_ruins_open_medium, column_ruins_open_tiny,
          column_ruins_columns_straight, column_ruins_columns_dead_end,
          column_ruins_corridor_corner, column_ruins_open_tiny, serial_shops,
          shop_statue, shop, kennysheep_mini
D:8:      layout_loops_ring, mainiacjoe_overflow_swirl, zin_treasury,
          minmay_lair_entry_lava
D:9:      layout_long_grid, nicolae_qazlal_eye_of_the_storm, enter_bailey_8,
          serial_shops, nicolae_stop_n_shop_1
Lair:1:   layout_small_grid, lemuel_fruit_tree
Lair:2:   layout_regular_city, minmay_swamp_entry_wisps, grunt_megastairs_3,
          infiniplex_staircase_pool_2
Lair:3:   layout_small_grid, spider_nest_entry_web_field
Lair:4:   layout_cave_pods, serial_bayou_shore_a, uniq_sonja
Lair:5:   layout_cave_pods, gauntlet_entry_generic, wad_woods_river_01
Gauntlet: gammafunk_gauntlet_mixed_choke_point
          [minmay_gauntlet_arena_77_squiggly,
          minmay_gauntlet_arena_77_tiled_triplets,
          minmay_gauntlet_arena_77_mirror, gammafunk_gauntlet_arena_crates,
          minmay_gauntlet_arena_77_block_sizes,
          minmay_gauntlet_arena_77_checkered, minmay_gauntlet_arena_77_museum,
          gauntlet_exit_green]

Skill      XL: |  1  2  3  4  5  6  7  8  9 10 11 12 13 |
---------------+----------------------------------------+-----
Dodging        | 1 8 |  8.6
Invocations    | 1 4 7 8 |  8.0
Fighting       | 3 4 5 6 7 9 |  9.0
Short Blades   | 1 2 |  2.9
Long Blades    | 1 3 6 9 10 12 14 15 | 15.5
Stealth        | 2 3 4 6 |  6.0
Armour         | 2 4 |  4.0
Evocations     | |  3.0

Action                   |  1- 3 |  4- 6 |  7- 9 | 10-12 | 13-15 || total
-------------------------+-------+-------+-------+-------+-------++-------
Melee: Club              |   124 |       |       |       |       ||   124
       Punch             |     1 |     1 |     3 |     5 |     4 ||    14
       Short sword       |    21 |   118 |       |       |       ||   139
       Touch             |    12 |    26 |    35 |    70 |    31 ||   174
       Long sword        |       |    13 |   228 |    40 |       ||   281
       Broad axe         |       |       |     2 |       |       ||     2
       Double sword      |       |       |       |   342 |   122 ||   464
       Unarmed           |       |       |       |       |     1 ||     1
Invok: Heroism           |       |     1 |     3 |     3 |       ||     7
       Finesse           |       |       |       |     1 |       ||     1
Evoke: Wand              |       |     3 |     3 |     2 |     4 ||    12
  Use: Scroll            |     8 |     5 |     9 |     4 |     4 ||    30
       Potion            |       |       |       |     3 |     3 ||     6
 Stab: Sleeping          |     5 |       |    13 |     5 |     7 ||    30
       Distracted        |       |       |     1 |       |       ||     1
       Invisible         |       |       |       |     4 |       ||     4
Armor: Leather armour    |    28 |    46 |    35 |       |       ||   109
       Steam dragon scal |       |       |    63 |    35 |       ||    98
       Scale mail        |       |       |       |   146 |    71 ||   217
Dodge: Dodged            |    76 |    95 |   125 |   279 |    80 ||   655
Block: Other             |    35 |    43 |    29 |       |       ||   107
       Reflection        |     1 |       |       |       |       ||     1

Table legend: (Time is in decaauts)
 A = Elapsed time spent in this place.
 B = Non-inter-level travel time spent in this place.
 C = Inter-level travel time spent in this place.
 D = Time resting spent in this place.
 E = Time spent auto-exploring this place.
 F = Levels seen in this place.
 G = Mean time per level.
                   A        B        C        D        E       F      G
               +--------+--------+--------+--------+--------+-----+--------+
         Total |  16603 |  15748 |    855 |   3267 |   8407 |  16 | 1037.7 |
       Dungeon |  10700 |  10022 |    678 |   2552 |   4996 |   9 | 1188.9 |
          Lair |   5116 |   4940 |    176 |    715 |   3137 |   5 | 1023.2 |
        Bailey |    532 |    532 |      0 |      0 |    134 |   1 |  532.0 |
      Gauntlet |    255 |    255 |      0 |      0 |    140 |   1 |  255.0 |
               +--------+--------+--------+--------+--------+-----+--------+

Top non-repeatable levels by time:
     D:1: 1949 daAuts
  Lair:4: 1729 daAuts
     D:6: 1507 daAuts
  Lair:1: 1495 daAuts
     D:3: 1475 daAuts
     D:5: 1169 daAuts
     D:7: 1116 daAuts
  Lair:2: 1080 daAuts
     D:4: 1063 daAuts
     D:9: 1027 daAuts
  Lair:3: 771 daAuts
     D:8: 747 daAuts
     D:2: 643 daAuts
  Bailey: 532 daAuts
Gauntlet: 255 daAuts
